Map: Dragon Scales LE

Players

Elazer

  • Race: Zerg Zerg
  • Spawn Location: 11:00

herO - Winner!

  • Race: Protoss Protoss
  • Spawn Location: 5:00

Event: ESL SC2 Masters 2023 Summer (Finals)

VOD

Have the link to the VOD?

Description

Time

  • Played on: June 16, 2023, 12:25 p.m.
  • Length: 8:18

All games in this series

Show
View Real Time Build Order
Export as new Build Order

Elazer Zerg 

Build Orders: Hatch First 

Get SALT Encoding   

  12  0:00  Drone  
  13  0:08  Drone  
  14  0:16  Extractor, Drone  
  15  0:39  Overlord  
  15  0:40  Extractor  
  15  0:47  Hatchery  
  14  0:57  Drone x3  
  17  1:08  Drone  
  18  1:11  Extractor  
  17  1:20  Drone  
  17  1:21  Spawning Pool  
  17  1:30  Drone  
  18  1:41  Drone  
  19  1:53  Drone  
  20  2:00  Drone  
  21  2:05  Drone  
  21  2:07  Queen x2  
  26  2:09  Drone  
  26  2:14  Zergling x2  
  28  2:20  Overlord  
  28  2:22  Metabolic Boost  
  28  2:40  Hatchery  
  28  2:41  Drone, Zergling x2  
  29  2:46  Queen  
  29  2:49  Drone  
  32  2:52  Overlord  
  32  2:56  Drone  
  33  3:10  Drone x2  
  33  3:11  Drone  
  33  3:12  Queen  
  36  3:15  Spore Crawler  
  36  3:18  Drone  
  37  3:21  Drone x4  
  41  3:28  Queen  
  43  3:36  Overlord  
  42  3:52  Drone x7  
  42  3:54  Drone x3  
  48  3:56  Drone  
  48  4:01  Drone x2  
  51  4:08  Spore Crawler  
  51  4:09  Queen  
  50  4:13  Drone x2  
  50  4:16  Drone  
  55  4:21  Drone  
  55  4:23  Overlord  
  56  4:25  Drone  
  56  4:30  Overlord  
  57  4:41  Queen, Drone x6  
  65  4:52  Drone x6  
  71  4:55  Drone x2  
  71  4:58  Overlord  
  73  5:06  Overlord  
  73  5:12  Evolution Chamber  
  72  5:14  Extractor  
  72  5:16  Overlord  
  72  5:20  Drone x9  
  80  5:22  Extractor  
  80  5:23  Hatchery  
  80  5:25  Overlord  
  78  5:30  Overlord  
  78  5:31  Extractor, Zergling x4, Roach Warren  
  78  5:32  Zergling x2  
  78  5:34  Overlord  
  79  5:40  Zergling x6  
  82  5:42  Zerg Melee Weapons Level 1  
  82  5:43  Drone  
  82  5:48  Zergling x6  
  86  5:52  Hatchery  
  86  5:54  Zergling x10  
  90  5:58  Lair  
  90  6:08  Overlord, Drone  
  90  6:09  Drone x2  
  89  6:12  Drone  
  89  6:13  Drone  
  89  6:18  Drone x5  
  95  6:21  Overlord  
  95  6:23  Zergling x2  
  96  6:30  Zergling x14  
  103  6:36  Queen x2, Hatchery  
  103  6:39  Zergling x6  
  109  6:44  Zergling x6  
  108  6:58  Zergling x2  
  108  6:59  Zergling x2  
  108  7:00  Zergling x14  
  110  7:10  Zergling x14  
  110  7:12  Queen  
  110  7:15  Drone x4  
  102  7:24  Zergling x8  
  102  7:28  Zergling x2  
  102  7:29  Zergling x4  
  106  7:39  Queen x2  
  106  7:40  Zergling x14  
  111  7:46  Zergling x2  
  105  7:52  Zergling x8  
  105  7:55  Zergling x6  
Show
View Real Time Build Order
Export as new Build Order

herO Protoss - Winner!

Build Orders: 1 Gate Expand, Oracle Opening 

Get SALT Encoding   

  12  0:00  Probe  
  13  0:12  Probe  
  14  0:20  Pylon  
  14  0:24  Probe  
  15  0:39  Probe (Chrono Boost)  
  15  0:42  Gateway  
  16  0:47  Probe (Chrono Boost)  
  17  0:50  Assimilator  
  17  0:53  Probe  
  18  1:05  Probe  
  19  1:17  Probe  
  20  1:27  Nexus  
  20  1:37  Cybernetics Core  
  20  1:39  Probe  
  21  1:45  Assimilator  
  21  1:51  Probe  
  22  1:55  Pylon  
  22  2:04  Probe  
  23  2:12  Adept (Chrono Boost)  
  25  2:16  Probe  
  25  2:19  Stargate  
  26  2:26  Warp Gate  
  26  2:28  Probe (Chrono Boost)  
  27  2:34  Adept  
  29  2:39  Probe (Chrono Boost)  
  31  2:46  Probe (Chrono Boost)  
  31  2:49  Probe (Chrono Boost)  
  32  2:53  Probe (Chrono Boost)  
  32  2:54  Probe (Chrono Boost)  
  34  3:00  Oracle (Chrono Boost)  
  34  3:04  Probe  
  38  3:06  Probe  
  38  3:07  Adept  
  41  3:15  Pylon  
  41  3:16  Probe  
  41  3:18  Probe  
  43  3:26  Gateway  
  43  3:28  Probe  
  43  3:30  Probe, Oracle (Chrono Boost)  
  48  3:44  Probe x2  
  50  3:55  Nexus  
  48  3:57  Pylon  
  48  3:58  Oracle (Chrono Boost)  
  49  4:04  Probe x2  
  49  4:08  Assimilator  
  51  4:10  Assimilator  
  51  4:16  Adept  
  54  4:17  Probe x2  
  54  4:23  Twilight Council  
  55  4:26  Forge  
  55  4:30  Probe x2  
  57  4:35  Gateway  
  57  4:43  Probe x2, Gateway  
  59  4:50  Protoss Ground Weapons Level 1  
  59  4:55  Probe x2 (Chrono Boost), Blink (Chrono Boost)  
  61  5:07  Probe (Chrono Boost), Shield Battery  
  63  5:08  Probe (Chrono Boost)  
  63  5:10  Probe (Chrono Boost)  
  63  5:13  Gateway  
  65  5:15  Probe (Chrono Boost)  
  65  5:17  Probe x2 (Chrono Boost)  
  67  5:22  Probe x2 (Chrono Boost)  
  67  5:24  Probe  
  67  5:25  Stalker x2  
  74  5:30  Pylon  
  74  5:32  Gateway  
  74  5:38  Probe x3  
  77  5:44  Pylon  
  77  5:48  Stalker  
  77  5:49  Stalker  
  81  5:51  Probe  
  81  5:52  Stalker  
  81  5:53  Gateway  
  84  5:59  Pylon  
  84  6:04  Stalker  
  86  6:19  Stalker x4  
  86  6:22  Photon Cannon  
  94  6:29  Pylon  
  94  6:30  Pylon  
  94  6:31  Probe, Gateway  
  95  6:34  Pylon  
  95  6:35  Charge (Chrono Boost)  
  94  6:48  Oracle  
  94  6:50  Stalker x2  
  94  6:51  Stalker x5  
  111  6:59  Probe  
  110  7:13  Stalker  
  110  7:14  Stalker x6  
  112  7:19  Pylon  
  110  7:26  Pylon  
  109  7:37  Stalker x2  
  109  7:38  Stalker x4  
  109  7:39  Zealot x2  
  117  7:45  Probe x3  
  114  7:56  Nexus  
  112  8:01  Stalker x5  
  112  8:03  Pylon  
  122  8:05  Zealot  
Tags
 
Add a new tag
Caveats
  • Supply blocks, unpowered buildings, or Contaminate may cause inaccurate times.
  • Supply counts are checked every 10 seconds.